 Dungeon Crawl Stone Soup version 0.31.0-9-g3a7656b989 (webtiles) character file.

Game seed: 3700190591725488760

5819 qw the Skirmisher (level 10, -11/49 HPs)
             Began as a Spriggan Hunter on Feb 2, 2024.
             Was a Priest of Okawaru.
             Killed from afar by an electric eel (14 damage)
             ... with a bolt of electricity
             ... on level 8 of the Dungeon.
             The game lasted 00:00:40 (6833 turns).

qw the Skirmisher (Spriggan Hunter)                 Turns: 6833, Time: 00:00:41

Health: -11/49     AC:  8    Str:  7    XL:     10   Next: 51%
Magic:  14/14      EV: 29    Int: 10    God:    Okawaru [***...]
Gold:   498        SH:  0    Dex: 24    Spells: 9/9 levels left

rFire   . . .        h - +0 orcbow
rCold   . . .        (shield currently unavailable)
rNeg    . . .        e - +2 robe {Will+}
rPois   .            (helmet restricted)
rElec   .            (no cloak)
rCorr   .            (gloves unavailable)
SInv    +            (boots unavailable)
Will    ++...        k - amulet of regeneration
Stlth   ++           f - +4 ring of protection
HPRegen 1.08/turn    (no ring)
MPRegen 0.14/turn

%: no passive effects
@: very quick
A: very small, no large weapons, unfitting armour, see invisible, speed 3
a: Renounce Religion, Heroism


You were on level 8 of the Dungeon.
You worshipped Okawaru.
Okawaru was most pleased with you.
You visited 2 branches of the dungeon, and saw 9 of its levels.
You also visited: Sewer.

You collected 498 gold pieces.


Innate Abilities, Weirdness & Mutations

You are very small and have problems with some larger weapons.
You are too small for most types of armour.
You have supernaturally acute eyesight. (SInv)
You cover ground extremely quickly. (Speed+++)


   Skills:
 - Level 4.1 Fighting
 - Level 12.1 Ranged Weapons
 + Level 12.0 Dodging
 - Level 1.5 Stealth
 - Level 4.1 Invocations


You had 9 spell levels left.
You didn't know any spells.
Your spell library was empty.

Inventory:

Hand Weapons
 h - a +0 orcbow (weapon)
Armour
 a - +0 steam dragon scales
 e - a +2 robe of willpower (worn)
Jewellery
 f - a +4 ring of protection (left hand)
 k - an amulet of regeneration (around neck)
Wands
 b - a wand of mindburst (17)
 c - a wand of acid (5)
 g - a wand of polymorph (21)
 l - a wand of paralysis (5)
Scrolls
 i - 2 scrolls of enchant armour
Potions
 d - 2 potions of heal wounds
 j - a potion of might

Dungeon Overview and Level Annotations

Branches:
Dungeon (8/15)             Temple (1/1) D:7           Sewer (visited)
   Lair: D:8-11

Altars:
Ashenzari
Cheibriados
Dithmenos
Fedhas
Gozag
Hepliaklqana
Kikubaaqudgha
Makhleb
Nemelex Xobeh
Okawaru
Qazlal
Ru
Sif Muna
Trog
Uskayaw
Vehumet
Wu Jian
Xom
Yredelemnul
Zin
The Shining One

Annotations:
D:4 3 runed translucent doors, qw's ghost, amateur DjHu
D:8 exclusion: 6 electric eels


Message History

The electric eel shoots out a bolt of lightning at you!
The bolt of electricity hits the electric eel.
The electric eel completely resists.
The bolt of electricity hits you!
The electric eel shoots out a bolt of lightning at you!
The bolt of electricity hits you!
The electric eel shoots out a bolt of lightning at you!
The bolt of electricity hits the plant!
The plant begins to die.
The bolt of electricity hits the plant!
The bolt of electricity misses you.
Enter note:
Enter note:
Enter note:
Enter note:
Enter note:
Enter note:
Enter note:
Enter note:
Enter note:
Enter note:
Enter note:
Enter note:
Enter note:
Enter note:
Enter note:
Enter note:
Enter note:
Enter note:
Enter note:
Enter note:
Enter note:
Enter note:
Enter note:
Enter note: The electric eel shoots out a bolt of lightning at you!
The bolt of electricity hits the electric eel.
The electric eel completely resists.
The bolt of electricity hits you! The bolt of electricity hits you.
The electric eel shoots out a bolt of lightning at you!
The bolt of electricity hits the plant!
The bolt of electricity misses you. The bolt of electricity hits you!
You die...

#.#.#.# #...# ##...#.## #.#..
##.......# ########....
#........# ###...~~##.##.
#......#####~).####~##...
#..#..##..~~~##'..##.###.
#..##.#..##### ....#.# #.
##.....###'..##.....#.# #.
#...[...#@....#...P.#)###.
#####.####.##.....#!.~P.#~#...
####.....#
#.##~P.PP#.~[S?#~####
..##.~.~.# #.##.SPP~#~S.S~#~#
## ......_..#
#.##(~)?[##~S~##~###.
....#....#
#..#~S.~S######.###..
..#.......# #.###~~~##)~...##
#.. ..####.##.#
#.#.#####~###### #.. ..####.#
.# #...'...~##.# ##.


You could see 3 electric eels.

Vanquished Creatures
  Gastronok (D:7)
  A death knight (D:8)
  Pikel (D:7)
  Grinder (D:3)
  Sigmund (D:2)
  A steam dragon (D:8)
  Edmund (D:6)
  Duvessa (D:5)
  2 ice beasts
  An orc warrior (D:7)
  A black bear (D:5)
  A centaur (D:8)
  5 kobold brigands
  2 brain worms (Sewer)
  A bullfrog (D:8)
  4 scorpions
  8 wights
  Dowan (D:5)
  9 killer bees (D:8)
  A howler monkey (D:5)
  5 hounds
  2 gnoll boudas
  5 orc priests
  A sleepcap (D:6)
  Natasha (D:3)
  2 iguanas
  6 orc wizards
  11 gnolls
  13 adders
  3 river rats
  2 white imps
  2 dart slugs (D:2)
  2 ribbon worms
  30 orcs
  5 endoplasms
  A giant cockroach (D:6)
  10 goblins
  5 hobgoblins
  A jackal (Sewer)
  19 kobolds
  6 quokkas
  9 ball pythons
  9 bats
  10 frilled lizards
  9 rats
213 creatures vanquished.

Notes
Turn   | Place    | Note
-------+----------+-------------------------------------------
     0 | D:1      | qw the Spriggan Hunter began the quest for the Orb.
     0 | D:1      | Reached XP level 1. HP: 10/10 MP: 2/2
     0 | D:1      | 0 ||| qw: Version: 0.3-a-155-g5e7d8dd
     0 | D:1      | 0 ||| qw: Game counter: 213
     0 | D:1      | 0 ||| qw: Melee chars always use a shield: true
     0 | D:1      | 0 ||| qw: God list: Okawaru
     0 | D:1      | 0 ||| qw: Allow faded altars: false
     0 | D:1      | 0 ||| qw: Do Orc after clearing Dungeon:15 true
     0 | D:1      | 0 ||| qw: Do second Lair branch before Depths: true
     0 | D:1      | 0 ||| qw: Lair rune preference: random
     0 | D:1      | 0 ||| qw: Goals: Normal
     0 | D:1      | 0 ||| PLANNING D:1-11
    29 | D:1      | Reached skill level 3 in Dodging
   169 | D:1      | Reached XP level 2. HP: 14/14 MP: 3/3
   447 | D:1      | Found a faded altar of an unknown god.
   578 | D:1      | 578 ||| UPGRADING to +4 ring of protection.
   579 | D:1      | 579 ||| READING scroll labelled NINOYRHORER.
   579 | D:1      | 579 ||| IDENTIFYING yellow potion
   580 | D:1      | 580 ||| READING scroll labelled KIFIUZIXKE.
   584 | D:1      | 584 ||| READING scroll labelled KURPHIA TIDI.
   585 | D:1      | 585 ||| DRINKING 2 smoky brown potions.
   586 | D:1      | 586 ||| DROPPING scroll of butterflies.
   587 | D:1      | 587 ||| DROPPING potion of degeneration.
   639 | D:2      | Reached XP level 3. HP: 18/18 MP: 4/4
   681 | D:2      | Noticed Sigmund
   682 | D:2      | 682 ||| RETREEEEATING.
   701 | D:2      | Killed Sigmund
   702 | D:2      | Reached skill level 6 in Ranged Weapons
   702 | D:2      | Reached XP level 4. HP: 16/22 MP: 5/5
   702 | D:2      | Reached XP level 5. HP: 19/25 MP: 6/6
   705 | D:2      | 705 ||| FLEEEEING.
   706 | D:2      | 706 ||| FLEEEEING.
  1052 | D:2      | Identified the +5 hand axe "Vaolo" {freeze, Int+6 Dex-3}
  1114 | D:2      | 1114 ||| UPGRADING to amulet of regeneration.
  1119 | D:2      | 1119 ||| READING 2 scrolls of identify.
  1119 | D:2      | 1119 ||| IDENTIFYING smoky orange potion
  1120 | D:2      | 1120 ||| READING scroll of identify.
  1120 | D:2      | 1120 ||| IDENTIFYING sapphire potion
  1121 | D:2      | 1121 ||| READING scroll labelled PAETALL HUIPU.
  1222 | D:2      | 1222 ||| READING scroll labelled SYXZIO VAIROL.
  1223 | D:2      | 1223 ||| READING 3 scrolls labelled VUV BASIJAOF.
  1223 | D:2      | 1223 ||| ENCHANTING +0 shortbow.
  1224 | D:2      | 1224 ||| DRINKING 2 bubbling sapphire potions.
  1256 | D:2      | 1256 ||| DRINKING 2 bubbling orange potions.
  1257 | D:2      | 1257 ||| DRINKING 2 potions of curing.
  1257 | D:2      | 1257 ||| (to cure confusion)
  1258 | D:2      | 1258 ||| DROPPING potion of magic.
  1259 | D:2      | 1259 ||| DROPPING potion of lignification.
  1260 | D:2      | 1260 ||| DROPPING potion of ambrosia.
  1287 | D:3      | Found a hide-covered altar of Uskayaw.
  1379 | D:3      | Reached XP level 6. HP: 30/30 MP: 7/7
  1452 | D:3      | Noticed Grinder
  1473 | D:3      | Noticed Natasha
  1479 | D:3      | Killed Grinder
  1480 | D:3      | Killed Natasha
  1481 | D:3      | Reached XP level 7. HP: 34/35 MP: 8/8
  1491 | D:3      | Identified the +8 quarterstaff of the Onslaught {antimagic,
                  | *Rage rElec rF+++ rCorr}
  1779 | D:3      | 1779 ||| READING scroll labelled GEUL OTTYL.
  1880 | D:3      | 1880 ||| DRINKING 2 fizzy ruby potions.
  2127 | D:4      | HP: 7/35 [orc priest/nerve-wracking pain (11)]
  2128 | D:4      | 2128 ||| DRINKING potion of heal wounds.
  2133 | D:4      | HP: 2/35 [orc priest/divine providence (11)]
  2138 | D:4      | HP: 7/35 [goblin/+0 dagger (1)]
  2344 | D:4      | Found a runed translucent gate.
  2344 | D:4      | Found a runed translucent gate.
  2346 | D:4      | Found a runed translucent gate.
  2348 | D:4      | Noticed qw's ghost (amateur DjHu)
  2609 | D:4      | 2609 ||| DRINKING 2 black potions.
  2648 | D:5      | Entered Level 5 of the Dungeon
  2653 | D:5      | 2653 ||| STAIRDANCE
  2685 | D:5      | 2685 ||| STAIRDANCE
  2695 | D:4      | Reached XP level 8. HP: 34/39 MP: 9/9
  2794 | D:5      | Found a radiant altar of Vehumet.
  2840 | D:5      | Noticed Duvessa
  2843 | D:5      | Noticed Dowan
  2859 | D:5      | Reached skill level 3 in Fighting
  2860 | D:5      | Killed Duvessa
  2861 | D:5      | 2861 ||| DRINKING potion of haste.
  2861 | D:5      | HP: 5/40 [Dowan/stone arrow (14)]
  2862 | D:5      | 2862 ||| READING scroll of teleportation.
  2868 | D:5      | HP: 5/40 [scorpion (4)]
  2870 | D:5      | 2870 ||| DRINKING potion of curing.
  2870 | D:5      | 2870 ||| (to cure poison)
  2951 | D:5      | Killed Dowan
  2980 | D:5      | Found a bloodstained altar of Trog.
  3128 | D:5      | Reached skill level 9 in Ranged Weapons
  3333 | D:5      | 3333 ||| UPGRADING to +2 robe of willpower.
  3343 | D:5      | 3343 ||| DROPPING +0 robe.
  3344 | D:5      | 3344 ||| READING scroll of identify.
  3344 | D:5      | 3344 ||| IDENTIFYING brown potion
  3345 | D:5      | 3345 ||| READING scroll labelled MEADEY VYLAU.
  3346 | D:5      | 3346 ||| READING scroll labelled FANASK GUS MEE.
  3347 | D:5      | 3347 ||| DROPPING potion of berserk rage.
  3349 | D:5      | 3349 ||| Stepping ~*~*~tactically~*~*~ (cloud).
  3383 | D:6      | 3383 ||| PLANNING SEWER
  3398 | D:6      | Reached skill level 9 in Dodging
  3498 | D:6      | Found a glowing drain.
  3499 | D:6      | 3499 ||| READING scroll labelled VUOS YCZIE.
  3505 | Sewer    | Entered a sewer
  3675 | Sewer    | Reached XP level 9. HP: 44/44 MP: 10/10
  4065 | Sewer    | 4065 ||| READING scroll labelled FAEXAA LATTI.
  4066 | Sewer    | 4066 ||| DROPPING wand of flame (23).
  4122 | D:6      | 4122 ||| PLANNING D:1-11
  4277 | D:6      | Noticed Edmund
  4311 | D:6      | Killed Edmund
  4627 | D:6      | 4627 ||| READING scroll of identify.
  4627 | D:6      | 4627 ||| IDENTIFYING amethyst potion
  4628 | D:6      | 4628 ||| READING scroll labelled SOSIFETRENIH.
  4629 | D:6      | 4629 ||| DROPPING potion of invisibility.
  4889 | D:7      | Noticed a cyclops
  4997 | D:7      | HP: 10/44 [orc warrior/+0 scimitar (11)]
  4998 | D:7      | 4998 ||| READING scroll of teleportation.
  4999 | D:7      | 4999 ||| DRINKING 3 potions of heal wounds.
  5116 | D:7      | Found a staircase to the Ecumenical Temple.
  5117 | D:7      | 5117 ||| PLANNING TEMPLE
  5122 | Temple   | Entered the Ecumenical Temple
  5123 | Temple   | 5123 ||| PLANNING OKAWARU WORSHIP
  5134 | Temple   | Became a worshipper of Warmaster Okawaru
  5135 | Temple   | 5135 ||| PLANNING D:1-11
  5562 | D:7      | Found a shadowy altar of Dithmenos.
  5572 | D:7      | Found an opulent altar of Gozag.
  5849 | D:8      | 5849 ||| STAIRDANCE
  5857 | D:8      | 5857 ||| STAIRDANCE
  5873 | D:8      | 5873 ||| STAIRDANCE
  5884 | D:8      | Noticed Pikel
  5885 | D:8      | 5885 ||| STAIRDANCE
  5891 | D:8      | 5891 ||| STAIRDANCE
  5893 | D:7      | 5893 ||| DRINKING potion of haste.
  5916 | D:7      | Killed Pikel
  5916 | D:7      | Reached * piety under Okawaru
  5960 | D:8      | Noticed Gastronok
  5961 | D:8      | 5961 ||| INVOKING Heroism.
  5975 | D:8      | 5975 ||| INVOKING Heroism.
  5987 | D:8      | 5987 ||| STAIRDANCE
  5989 | D:7      | 5989 ||| INVOKING Heroism.
  5997 | D:7      | Killed Gastronok
  5997 | D:7      | Reached ** piety under Okawaru
  5998 | D:7      | Reached XP level 10. HP: 33/49 MP: 7/11
  6088 | D:8      | Found a shadowy altar of Dithmenos.
  6123 | D:8      | Reached skill level 12 in Dodging
  6140 | D:8      | Reached skill level 1 in Invocations
  6259 | D:8      | 6259 ||| SWAPPING to +0 orcbow.
  6260 | D:8      | 6260 ||| DROPPING +0 shortbow.
  6385 | D:8      | 6385 ||| Stepping ~*~*~tactically~*~*~ (cloud).
  6387 | D:8      | 6387 ||| Stepping ~*~*~tactically~*~*~ (cloud).
  6398 | D:8      | Reached skill level 3 in Invocations
  6399 | D:8      | 6399 ||| Stepping ~*~*~tactically~*~*~ (cloud).
  6576 | D:8      | Found a basalt altar of Yredelemnul.
  6750 | D:8      | Noticed a death knight
  6751 | D:8      | 6751 ||| INVOKING Heroism.
  6766 | D:8      | Killed a death knight
  6766 | D:8      | Reached *** piety under Okawaru
  6767 | D:8      | Reached skill level 12 in Ranged Weapons
  6833 | D:8      | HP: 8/49 [electric eel/bolt of electricity (8)]
  6833 | D:8      | HP: 3/49 [electric eel/bolt of electricity (5)]
  6833 | D:8      | Killed from afar by an electric eel

Levels and vault maps discovered:
D:1:      elethiomel_arrival_quiet, layout_basic,
          shapermc_ecumenical_altar_mp_urbaneastern
D:2:      layout_rooms, uniq_sigmund
D:3:      layout_rooms, lemuel_crystal_altar, uniq_natasha, uniq_grinder
D:4:      layout_loops_ring, gammafunk_ghost_nasty_kobolds, amethyst_killhole
D:5:      layout_basic, trog_butcher_becter, nicolae_vehumet_radiance,
          abandoned_shop, uniq_duvessa
D:6:      layout_loops_ring, gup_sewer_entry_bubbles, uniq_edmund
D:7:      layout_basic, jmf_multi_god_temple2, minmay_temple_entry_nine_rooms,
          serial_library_regret_index_double_sided, lightli_corner_chamber
D:8:      cheibrodos_two_vegetables, layout_loops_cross,
          hangedman_feature_mirror, serial_library_hellmonk_secret_room,
          uniq_gastronok, uniq_pikel
Temple:   nicolae_temple_superstar

Skill      XL: |  1  2  3  4  5  6  7  8  9 10 |
---------------+-------------------------------+-----
Dodging        | 3 4 5 7 8 9 11 12 | 12.0
Ranged Weapons | 6 8 10 11 12 | 12.1
Fighting       | 2 3 4 |  4.1
Invocations    | 4 |  4.1
Stealth        | |  1.5

Action                     |  1- 3 |  4- 6 |  7- 9 | 10-12 || total
---------------------------+-------+-------+-------+-------++-------
   Fire: Shortbow          |    90 |   107 |   708 |    68 ||   973
         Orcbow            |       |       |       |    78 ||    78
 Invoke: Heroism           |       |       |     3 |     1 ||     4
    Use: Scroll            |     3 |     5 |    10 |       ||    18
         Potion            |     1 |     3 |     7 |       ||    11
 Armour: Robe              |     7 |    17 |   121 |    35 ||   180
  Dodge: Dodged            |    17 |    60 |   411 |   154 ||   642

Table legend:
 A = Non-vault XP
 B = Vault XP
 C = Vault XP percentage of total XP
 D = Non-vault monster count
 E = Vault monster count
 F = Vault count percentage of total count
                 A         B        C        D         E       F
            +---------+---------+-------+---------+---------+-------
      Total |    3893 |    4421 |  53.2 |     168 |      45 |  21.1
            +---------+---------+-------+---------+---------+-------
        D:1 |      36 |       0 |   0.0 |      23 |       0 |   0.0
        D:2 |      59 |     226 |  79.3 |      17 |       1 |   5.6
        D:3 |     115 |     330 |  74.2 |      29 |       2 |   6.5
        D:4 |     694 |       0 |   0.0 |      29 |       0 |   0.0
        D:5 |     622 |     215 |  25.7 |      15 |       6 |  28.6
        D:6 |     219 |     182 |  45.4 |       8 |       5 |  38.5
        D:7 |     735 |    2105 |  74.1 |      26 |       4 |  13.3
        D:8 |    1413 |     952 |  40.3 |      21 |       3 |  12.5
      Sewer |       0 |     411 | 100.0 |       0 |      24 | 100.0
            +---------+---------+-------+---------+---------+-------
